 Dungeon Crawl Stone Soup version 0.31-a0-43-g46d131a48f (webtiles) character file.

Game seed: 9503689477564438503

297 Drazool the Conjurer (level 6, -7/48 HPs)
             Began as a Demonspawn Reaver on May 19, 2023.
             Was a Follower of Nemelex Xobeh.
             Killed by nerve-wracking pain
             ... invoked by an orc priest
              (14 damage)
             ... on level 3 of the Dungeon.
             The game lasted 00:07:14 (2134 turns).

Drazool the Conjurer (Demonspawn Reaver)            Turns: 2134, Time: 00:07:14

Health: -7/48      AC:  5    Str: 14    XL:     6   Next: 12%
Magic:  9/9        EV: 11    Int: 15    God:    Nemelex Xobeh [*.....]
Gold:   125        SH:  0    Dex: 11    Spells: 6/9 levels left

rFire   . . .        e - +0 whip (vamp)
rCold   . . .        (no shield)
rNeg    . . .        b - +0 leather armour
rPois   .            (no helmet)
rElec   .            (no cloak)
rCorr   .            (no gloves)
SInv    .            (no boots)
Will    .....        h - amulet of magic regeneration
Stlth   +            Y - +4 ring of slaying
HPRegen 0.28/turn    (no ring)
MPRegen 0.51/turn

%: no passive effects
@: mighty
A: icy blue scales 1, powered by pain 1, weakness stinger 1
a: Renounce Religion, Draw Escape, Draw Destruction, Draw Summoning


You were on level 3 of the Dungeon.
You worshipped Nemelex Xobeh.
Nemelex Xobeh was aware of your devotion.
You visited 1 branch of the dungeon, and saw 3 of its levels.

You collected 125 gold pieces.


Innate Abilities, Weirdness & Mutations

You are partially covered in icy blue scales. (AC +2)
You sometimes gain a little power by taking damage.
You have a small tail.


   Skills:
 + Level 4.1 Fighting
 - Level 2.6 Maces & Flails
 - Level 1.7 Dodging
 - Level 2.0 Spellcasting
 - Level 5.0 Conjurations
 - Level 3.0 Necromancy


You had 6 spell levels left.
You knew the following spells:

 Your Spells              Type           Power      Damage    Failure   Level
X - Kiss of Death         Conj/Necr      52%        2d9       5%          1
Y - Momentum Strike       Conj/Tloc      18%        3d8       16%         2

Your spell library contained the following spells:

 Spells                   Type           Power      Damage    Failure   Level
 Beastly Appendage        Tmut           2%         N/A       28%         1
 Hailstorm                Conj/Ice       9%         3d4       30%         3
 Wereblood                Tmut           1%         N/A       38%         2
 Spider Form              Tmut/Pois      1%         N/A       63%         3

Inventory:

Hand Weapons
 a - a +0 mace
 e - a +0 vampiric whip (weapon)
Armour
 b - a +0 leather armour (worn)
Jewellery
 h - an amulet of magic regeneration (around neck)
 Y - a +4 ring of slaying (left hand)
Scrolls
 c - a scroll of immolation
 d - 8 scrolls of teleportation {@r2}
 i - 3 scrolls of fear
 j - a scroll of identify {@r1}
Potions
 f - a potion of heal wounds {@q2}
 g - a potion of attraction {unknown}

Dungeon Overview and Level Annotations

Branches:
Dungeon (3/15)

Altars:
Nemelex Xobeh

#....##. #..####.
#..####. #)......
##.##### ########.# o
####........# .o.
##.##.##.....#
.[.o.###@#.#.##.##.##
......ooo.......##.#
.....#######.#####.#
... #.#####.# #
#.......# #########


You could see 2 orc priests and an orc.


Message History

The orc priest is lightly wounded.
The orc priest hits you but does no damage.
The orc priest calls upon Beogh to heal the orc priest.
The orc priest's wounds heal themselves!
You hit the orc priest.
You feel better.
You tail-slap the orc priest.
The orc priest is severely wounded.
The orc priest hits you but does no damage.
The orc priest misses you.
You closely miss the orc priest.
The orc priest is severely wounded.
The orc priest invokes the aid of Beogh against you.
Beogh smites you!
* * * LOW HITPOINT WARNING * * *
The orc priest closely misses you.
You hit the orc priest.
You feel better.
The orc priest is almost dead.
The orc priest hits you with a +0 club.
* * * LOW HITPOINT WARNING * * *
The orc priest barely misses you.
You completely miss the orc priest.
The orc priest is almost dead.
The orc priest mumbles some strange prayers to Beogh against you.
Beogh smites you!
* * * LOW HITPOINT WARNING * * *
You focus on the pain.
You feel very mighty all of a sudden.
The orc priest calls down the wrath of Beogh upon you.
Pain shoots through your body!
You die...
Your body disappears without a glow.

Skill      XL: |  1  2  3  4  5  6 |
---------------+-------------------+-----
Necromancy     | 1 2 3 |  3.0
Fighting       | 3 4 |  4.1
Conjurations   | 4 5 |  5.0
Maces & Flails | |  2.6
Dodging        | |  1.7
Spellcasting   | |  2.0

Action                     |  1- 3 |  4- 6 || total
---------------------------+-------+-------++-------
  Melee: Mace              |    33 |       ||    33
         Whip              |    65 |    46 ||   111
         Tailslap          |     9 |     5 ||    14
         Punch             |     1 |     1 ||     2
  Throw: Stone             |    19 |    16 ||    35
   Cast: Kiss of Death     |     1 |     3 ||     4
    Use: Scroll            |     5 |       ||     5
         Potion            |       |     1 ||     1
 Armour: Leather armour    |    20 |     7 ||    27
  Dodge: Dodged            |    32 |    22 ||    54

Levels and vault maps discovered:
D:1:      dpeg_arrival_leaves_temple_mockup, layout_basic, serial_bayou_pond_b
D:2:      layout_loops_ring, ebering_ecumenical_altar_rust, uniq_sigmund,
          uniq_jessica
D:3:      layout_loops_cross, minmay_stone_trees_small

Notes
Turn   | Place    | Note
-------+----------+-------------------------------------------
     0 | D:1      | Drazool the Demonspawn Reaver began the quest for the Orb.
     0 | D:1      | Reached XP level 1. HP: 16/16 MP: 3/3
   128 | D:1      | Gained mutation: You have a small tail. [demonic ancestry]
   128 | D:1      | Reached XP level 2. HP: 19/21 MP: 5/5
   142 | D:1      | Reached skill level 1 in Necromancy
   495 | D:1      | Reached XP level 3. HP: 28/28 MP: 6/6
  1212 | D:2      | Reached skill level 2 in Necromancy
  1224 | D:2      | Reached skill level 3 in Fighting
  1224 | D:2      | Gained mutation: You sometimes gain a little power by
                  | taking damage. [demonic ancestry]
  1224 | D:2      | Reached XP level 4. HP: 35/35 MP: 7/7
  1285 | D:2      | Learned a level 2 spell: Momentum Strike
  1375 | D:2      | Noticed Sigmund
  1391 | D:2      | Killed Sigmund
  1392 | D:2      | Reached skill level 4 in Conjurations
  1392 | D:2      | Reached skill level 3 in Necromancy
  1392 | D:2      | Reached XP level 5. HP: 20/42 MP: 3/8
  1777 | D:2      | Found a faded altar of an unknown god.
  1797 | D:2      | Noticed Jessica
  1798 | D:2      | Prayed at the altar of an unknown god.
  1798 | D:2      | Became a worshipper of Nemelex Xobeh the Trickster
  1798 | D:2      | Reached * piety under Nemelex Xobeh
  1817 | D:2      | Killed Jessica
  1818 | D:2      | Reached skill level 4 in Fighting
  1818 | D:2      | Gained mutation: You are partially covered in icy blue
                  | scales. (AC +2) [demonic ancestry]
  1818 | D:2      | Reached XP level 6. HP: 41/48 MP: 9/9
  2012 | D:3      | Reached skill level 5 in Conjurations
  2134 | D:3      | Killed from afar by an orc priest

Vanquished Creatures
  Sigmund (D:2)
  Jessica (D:2)
  A sleepcap (D:2)
  2 adders (D:2)
  2 dart slugs
  2 orcs (D:3)
  9 endoplasms
  A giant cockroach (D:2)
  5 goblins
  9 hobgoblins
  9 kobolds
  A quokka (D:2)
  4 ball pythons
  4 bats
  5 frilled lizards
  4 rats (D:1)
60 creatures vanquished.

Table legend: (Time is in decaauts)
 A = Elapsed time spent in this place.
 B = Non-inter-level travel time spent in this place.
 C = Inter-level travel time spent in this place.
 D = Time resting spent in this place.
 E = Time spent auto-exploring this place.
 F = Levels seen in this place.
 G = Mean time per level.
                   A        B        C        D        E       F      G
               +--------+--------+--------+--------+--------+-----+--------+
         Total |   2145 |   2090 |     55 |    108 |   1527 |   3 |  715.0 |
       Dungeon |   2145 |   2090 |     55 |    108 |   1527 |   3 |  715.0 |
               +--------+--------+--------+--------+--------+-----+--------+

Top non-repeatable levels by time:
     D:1: 1158 daAuts
     D:2: 833 daAuts
     D:3: 153 daAuts

Table legend:
 A = Non-vault XP
 B = Vault XP
 C = Vault XP percentage of total XP
 D = Non-vault monster count
 E = Vault monster count
 F = Vault count percentage of total count
                 A         B        C        D         E       F
            +---------+---------+-------+---------+---------+-------
      Total |     153 |     272 |  64.0 |      56 |       4 |   6.7
            +---------+---------+-------+---------+---------+-------
        D:1 |      53 |       4 |   7.0 |      34 |       2 |   5.6
        D:2 |      85 |     268 |  75.9 |      14 |       2 |  12.5
        D:3 |      15 |       0 |   0.0 |       8 |       0 |   0.0
            +---------+---------+-------+---------+---------+-------
